 Dungeon Crawl Stone Soup version 0.24-a0-517-gd52e2fb918 (webtiles) character file.

Game seed: 5260951739701463075

46 KristoblXynda the Charlatan (level 3, 0/28 HPs)
             Began as a Draconian Artificer on July 22, 2019.
             Slain by a quokka (2 damage)
             ... on level 2 of the Dungeon.
             The game lasted 00:01:52 (1371 turns).

KristoblXynda the Charlatan (Draconian Artificer)   Turns: 1371, Time: 00:01:52

Health: 0/28       AC:  5    Str: 14    XL:     3   Next: 44%
Magic:  5/5        EV: 12    Int: 12    God:
Gold:   55         SH:  0    Dex: 11    Spells: 2/2 levels left

rFire    . . .     SeeInvis .   a - +0 short sword
rCold    . . .     Gourm    .   (no shield)
rNeg     . . .     Faith    .   (armour unavailable)
rPois    .         Spirit   .   (helmet restricted)
rElec    .         Reflect  .   (no cloak)
rCorr    .         Harm     .   (no gloves)
MR       .....                  (no boots)
Stlth    +.........             (no amulet)
HPRegen  0.09/turn              (no ring)
MPRegen  0.09/turn              (no ring)

@: no status effects
A: unfitting armour, cold-blooded, AC +5
a: no special abilities


You were on level 2 of the Dungeon.
You were hungry.

You visited 1 branch of the dungeon, and saw 2 of its levels.

You collected 55 gold pieces.

Inventory:

Hand Weapons
 a - a +0 short sword (weapon)
Wands
 b - a wand of flame (11)
 c - a wand of enslavement (14)
 d - a wand of random effects (15)
Scrolls
 e - 2 scrolls of enchant armour {unknown}
 g - 2 scrolls of teleportation {unknown}
 i - 2 scrolls of enchant weapon {unknown}
 j - 2 scrolls of remove curse {unknown}
Potions
 h - a potion of agility {unknown}
 k - a potion of lignification {unknown}
 l - a potion of invisibility {unknown}
Comestibles
 f - 4 rations


   Skills:
 - Level 1.1 Fighting
 + Level 2.0 Short Blades
 + Level 2.4 Dodging
 - Level 1.0 Stealth
 + Level 3.5 Evocations


You had 2 spell levels left.
You didn't know any spells.
Your spell library was empty.

Dungeon Overview and Level Annotations

Branches:
Dungeon (2/15)

Altars:


Innate Abilities, Weirdness & Mutations

Your plain brown scales are hard. (AC +5)
You cannot fit into any form of body armour.
You are cold-blooded and may be slowed by cold attacks.


Message History

The quokka closely misses you. The quokka bites you.
* * * LOW HITPOINT WARNING * * *
You barely miss the quokka.
Your tail-slap misses the quokka.
The quokka is severely wounded.
The quokka bites you but does no damage.
You closely miss the quokka.
Your tail-slap misses the quokka.
The quokka is severely wounded.
The quokka barely misses you.
You hit the quokka but do no damage.
The quokka is severely wounded.
The quokka bites you.
* * * LOW HITPOINT WARNING * * *
You miss the quokka.
Your tail-slap misses the quokka.
The quokka is severely wounded.
The quokka barely misses you.
Unknown command.
You miss the quokka.
The quokka is severely wounded.
The quokka bites you.
You die...

#.#### #.# #.###
#.#.. #.#.# #.#.#
#.#.#####
#?..†...#
###.###@#
......#r#
........g#
#######.#...$....
...#...h.[.#
###.######### .


You could see a quokka and a goblin.

Vanquished Creatures
  3 worms (D:2)
  2 dart slugs (D:1)
  3 leopard geckos
  2 bats
  3 goblins
  3 hobgoblins (D:1)
  2 jackals (D:2)
  A kobold (D:1)
  2 ball pythons (D:1)
  A frilled lizard (D:1)
  8 rats
30 creatures vanquished.

Notes
Turn   | Place    | Note
-------+----------+-------------------------------------------
     0 | D:1      | KristoblXynda the Draconian Artificer began the quest for
                  | the Orb.
     0 | D:1      | Reached XP level 1. HP: 16/16 MP: 3/3
    47 | D:1      | Reached skill level 1 in Stealth
   301 | D:1      | Reached XP level 2. HP: 10/23 MP: 4/4
  1130 | D:2      | Reached XP level 3. HP: 28/28 MP: 5/5
  1371 | D:2      | Slain by a quokka

Levels and vault maps discovered:
D:1:      minmay_arrival_four_houses, layout_basic
D:2:      minmay_inner_zag, layout_basic, first_ration, guppyfry_early_lair_pool

Skill      XL: |  1  2  3 |
---------------+----------+-----
Stealth        | 1 |  1.0
Dodging        | 2 |  2.4
Short Blades   | 2 |  2.0
Fighting       | |  1.1
Evocations     | |  3.5

Action                   || total
-------------------------++-------
Melee: Short sword       ||   117
       Tailslap          ||    15
Evoke: Wand              ||     5
 Stab: Sleeping          ||     2
  Eat: Chunk             ||     1
Armor: Skin              ||    39
Dodge: Dodged            ||    81

Table legend:
 A = Non-vault XP
 B = Vault XP
 C = Vault XP percentage of total XP
 D = Non-vault monster count
 E = Vault monster count
 F = Vault count percentage of total count
                 A         B        C        D         E       F
            +---------+---------+-------+---------+---------+-------
      Total |      66 |       0 |   0.0 |      30 |       0 |   0.0
            +---------+---------+-------+---------+---------+-------
        D:1 |      35 |       0 |   0.0 |      17 |       0 |   0.0
        D:2 |      31 |       0 |   0.0 |      13 |       0 |   0.0
            +---------+---------+-------+---------+---------+-------
